 Dungeon Crawl Stone Soup version 0.17.1-2-g5865329 (webtiles) character file.

314 Ratboiler the Skirmisher (level 6, 0/49 HPs)
             Began as a Mummy Wanderer on Feb 6, 2016.
             Slain by a worker ant (2 damage)
             ... on level 6 of the Dungeon.
             The game lasted 00:20:14 (4056 turns).

Ratboiler the Skirmisher (Mummy Wanderer)           Turns: 4056, Time: 00:20:14

Health: 0/49       AC:  5    Str: 19    XL:     6   Next: 19%
Magic:  6/6        EV: 10    Int:  9    God:
Gold:   210        SH:  3    Dex: 12    Spells: 0 memorised, 5 levels left

rFire  x . .     SeeInvis .     g - +0 whip
rCold  + . .     Clarity  .     f - +0 ring mail
rNeg   + + +     SustAt   .     s - +0 buckler
rPois  ∞         Gourm    .     (no helmet)
rElec  .         Spirit   .     (no cloak)
rCorr  .         Warding  .     (no gloves)
rMut   .         Stasis   .     (no boots)
MR     .....                    (no amulet)
Stlth  +.........               (no ring)
                                (no ring)

@: not resistant to hostile enchantments, very unstealthy
A: no food or potions, fire vulnerability, cold resistance 1, negative energy
resistance 3, torment resistance, unbreathing
a: no special abilities


You were on level 6 of the Dungeon.
You were not hungry.

You visited 1 branch of the dungeon, and saw 5 of its levels.

You collected 210 gold pieces.

Inventory:

Hand Weapons
 a - a +2 short sword
 g - a +0 whip (weapon)
Missiles
 d - 33 arrows
 e - 2 javelins of returning (quivered)
 l - 5 silver bolts
 r - 20 poisoned needles
 v - 3 curare-tipped needles
Armour
 c - a +0 robe
 f - a +0 ring mail (worn)
 m - a +0 scale mail
 o - a cursed +0 chain mail
 s - a +0 buckler (worn)
Wands
 u - a wand of confusion (1)
Scrolls
 i - a scroll of amnesia
 j - 2 scrolls of immolation
 k - a scroll of identify
 n - a scroll of blinking
 q - a scroll of enchant weapon
 t - a scroll of enchant armour {unknown}


   Skills:
 + Level 4.6 Fighting
 - Level 1.0 Short Blades
   Level 1.0(2.5) Axes
 * Level 3.6(3.7) Maces & Flails
 - Level 1.0 Throwing
 + Level 1.4 Armour
 - Level 1.5 Dodging
 - Level 1.0 Stealth
 - Level 1.0 Shields


You had 5 spell levels left.
You didn't know any spells.

Dungeon Overview and Level Annotations

Branches:
Dungeon (6/15)
 Temple: D:4-7

Altars:
Ashenzari
Kikubaaqudgha

Annotations:
D:3 bollicks1999's ghost, amateur HOFi


Innate Abilities, Weirdness & Mutations

You do not eat or drink.
Your flesh is vulnerable to fire.
You are immune to poison.
Your flesh is cold resistant.
You are immune to negative energy.
You are immune to unholy pain and torment.
You can survive without breathing.


Message History

Read which item? (? for menu, Esc to quit)
Okay, then.
Zapping:
u - a wand of confusion (will waste charges)
Press: ? - help, Shift-Dir - straight line, f - ice beast
Aim: an ice beast (chance to defeat MR: 46%)
The ice beast appears confused.
Evoking this partially-identified wand wasted a few charges.
Found a pearl ring.
The worker ant bites you but does no damage.
You block the worker ant's attack.
That item cannot be evoked!
Zapping:
u - a wand of confusion {zapped: 3} (will waste charges)
Press: ? - help, Shift-Dir - straight line, f/p - ice beast
Aim: an ice beast (confused, chance to defeat MR: 46%)
The worker ant resists with significant effort.
Evoking this partially-identified wand wasted a few charges.
The worker ant bites you.
* * * LOW HITPOINT WARNING * * *
The worker ant bites you.
You die...

#........#...F.......
####......>.+.......#...
............#...###.....
......##....#...# ##....
............#...# #....
......=.....#... ....#
.....#...####.. .....#
.... #.a....... .....!
... ##@....... #........
#... .....###. +.....
......+ ####.. .......#
..#. ........# .###.
.........# . .#
...a....... ..


You could see 2 worker ants.

Vanquished Creatures
  A giant frog (D:6)
  A scorpion (D:4)
  A hound (D:4)
  A hound skeleton (D:4)
  6 adders
  An ooze (D:3)
  2 worms (D:2)
  3 giant geckos
  2 orcs
  8 bats
  2 bat zombies (D:4)
  7 giant cockroaches
  9 goblins
  5 hobgoblins
  6 jackals (D:2)
  6 kobolds
  A quokka (D:2)
  A ball python (D:3)
  A giant gecko skeleton (D:4)
  5 giant newts
  7 rats
76 creatures vanquished.

Notes
Turn   | Place    | Note
--------------------------------------------------------------
     0 | D:1      | Ratboiler the Mummy Wanderer began the quest for the Orb.
     0 | D:1      | Ratboiler set off with: a +2 short sword, 2 scrolls of teleportation, a +0 robe
     0 | D:1      | Reached XP level 1. HP: 18/18 MP: 1/1
   415 | D:1      | Reached skill level 1 in Maces & Flails
   415 | D:1      | Reached XP level 2. HP: 24/24 MP: 2/2
   978 | D:2      | Reached XP level 3. HP: 26/29 MP: 3/3
  1605 | D:2      | Reached XP level 4. HP: 33/37 MP: 4/4
  1864 | D:3      | Noticed bollicks1999's ghost (amateur HOFi)
  2185 | D:3      | Reached skill level 4 in Fighting
  2640 | D:3      | Found a shattered altar of Ashenzari.
  2955 | D:4      | Reached XP level 5. HP: 17/42 MP: 5/5
  3243 | D:4      | Reached skill level 1 in Armour
  3427 | D:4      | Noticed an ogre
  3657 | D:4      | Found an ancient bone altar of Kikubaaqudgha.
  3740 | D:4      | You fall through a shaft for 2 floors!
  3746 | D:6      | Noticed an ice beast
  3965 | D:6      | Noticed an ice beast
  4016 | D:6      | Noticed a water moccasin
  4018 | D:6      | Reached XP level 6. HP: 12/49 MP: 6/6
  4053 | D:6      | HP: 1/49 [worker ant (6)]
  4056 | D:6      | Slain by a worker ant

Action                   |  1- 3 |  4- 6 || total
-------------------------+-------+-------++-------
Melee: Whip              |   181 |   286 ||   467
       Short sword       |     1 |       ||     1
Evoke: Wand              |       |     2 ||     2
  Use: Scroll            |     1 |    11 ||    12
